 Dungeon Crawl Stone Soup version 0.30-a0-1053-gbd8d5ba0ad (webtiles) character file.

Game seed: 3630037127930084748

2955 BlueFish the Covert (level 9, -3/59 HPs)
             Began as an Octopode Warper on Apr 11, 2023.
             Was a Follower of Cheibriados.
             Killed by divine providence
             ... invoked by an orc priest
              (12 damage)
             ... on level 9 of the Dungeon.
             The game lasted 00:17:06 (7966 turns).

BlueFish the Covert (Octopode Warper)               Turns: 7966, Time: 00:17:07

Health: -3/59      AC:  8    Str: 16    XL:     9   Next: 81%
Magic:  14/15      EV: 15    Int: 17    God:    Cheibriados [*.....]
Gold:   468        SH:  0    Dex: 14    Spells: 2/16 levels left

rFire   + . .      SeeInvis .    q - +1 mace (protect)
rCold   + . .      Faith    +    (no shield)
rNeg    + . .      Spirit   .    (helmet restricted)
rPois   .          Reflect  .    i - amulet of faith
rElec   .          Rampage  .    h - ring of protection from fire
rCorr   .                        j - +4 ring of slaying
Will    .....                    m - ring of protection from cold
Stlth   +++++                    z - ring of flight
HPRegen 0.29/turn                K - ring of positive energy
MPRegen 0.14/turn                P - ring of wizardry
                                 (no ring)
                                 (no ring)

@: under a protective aura, flying, very slow
A: almost no armour, amphibious, 8 rings, camouflage 1, gelatinous body 1,
(nimble swimmer 1), tentacles
a: Renounce Religion, Bend Time


You were on level 9 of the Dungeon.
You worshipped Cheibriados.
Cheibriados was aware of your devotion.
You visited 2 branches of the dungeon, and saw 10 of its levels.

You collected 468 gold pieces.

Inventory:

Hand Weapons
 q - a +1 mace of protection (weapon)
Missiles
 b - 5 boomerangs of dispersal
 c - 78 stones (quivered)
 t - 5 poisoned darts
 w - 3 throwing nets
 y - 5 silver javelins
Jewellery
 h - a ring of protection from fire (left tentacle)
 i - an amulet of faith (around mantle)
 j - a +4 ring of slaying (right tentacle)
 m - a ring of protection from cold (on tentacle)
 z - a ring of flight (on tentacle)
 K - a ring of positive energy (on tentacle)
 P - a ring of wizardry (on tentacle)
Wands
 D - a wand of quicksilver (4)
 E - a wand of iceblast (5)
 F - a wand of flame (18)
 O - a wand of paralysis (13)
Scrolls
 a - 2 scrolls of blinking
 d - a scroll of magic mapping
 f - 2 scrolls of immolation {unknown}
 l - a scroll of torment {unknown}
 o - 2 scrolls of teleportation
 p - a scroll of amnesia
 x - 2 scrolls of vulnerability {unknown}
 A - a scroll of brand weapon {unknown}
 I - a scroll of fear {unknown}
 J - a scroll of noise {unknown}
 L - a scroll of fog {unknown}
Potions
 e - 2 potions of curing
 g - a potion of invisibility
 k - 3 potions of flight
 n - 2 potions of attraction
 r - 2 potions of lignification
 s - a potion of might
 u - 2 potions of mutation
 v - a potion of magic {unknown}
 B - a potion of berserk rage {unknown}
 C - a potion of resistance {unknown}
 G - a potion of ambrosia {unknown}
 H - a potion of heal wounds {unknown}
 N - a potion of brilliance {unknown}


   Skills:
 + Level 4.5 Fighting
 + Level 3.5 Maces & Flails
 + Level 4.4 Throwing
 + Level 4.8 Dodging
 * Level 8.6 Stealth
 + Level 4.4 Unarmed Combat
 + Level 4.1 Spellcasting
 + Level 5.0 Translocations
 + Level 2.9 Invocations
 + Level 3.0 Evocations


You had 2 spell levels left.
You knew the following spells:

 Your Spells              Type           Power      Damage    Failure   Level
a - Blink                 Tloc           40%        N/A       1%          2
b - Lesser Beckoning      Tloc           40%        N/A       1%          2
c - Teleport Other        Tloc           20%        N/A       2%          3
d - Manifold Assault      Tloc           20%        N/A       8%          4
e - Passwall              Tmut/Erth      2%         N/A       10%         2
f - Sandblast             Erth           6%         2d5       6%          1

Your spell library contained the following spells:

 Spells                   Type           Power      Damage    Failure   Level
 Ensorcelled Hibernation  Hex/Ice        6%         N/A       10%         2
 Vhi's Electric Charge    Tloc/Air       24%        N/A       7%          3
 Inner Flame              Hex/Fire       3%         N/A       19%         3
 Stone Arrow              Conj/Erth      6%         3d7       19%         3
 Swiftness                Air            3%         N/A       19%         3
 Animate Dead             Necr           3%         N/A       50%         4
 Olgreb's Toxic Radiance  Pois           3%         N/A       50%         4
 Yara's Violent Unravell  Hex/Tmut       1%         3d3       83%         5
 Enfeeble                 Hex            1%         N/A       100%        7
 Haunt                    Necr/Summ      1%         N/A       100%        7
 Discord                  Hex            1%         N/A       100%        8
 Ignition                 Fire           1%         3d3       100%        8
 Infestation              Necr           1%         N/A       100%        8


Dungeon Overview and Level Annotations

Branches:
Dungeon (9/15)             Temple (1/1) D:6             Orc (0/2) D:9
   Lair: D:8-11

Altars:
Ashenzari
Cheibriados
Dithmenos
Elyvilon
Fedhas
Gozag
Hepliaklqana
Makhleb
Nemelex Xobeh
Okawaru
Qazlal
Ru
Sif Muna
Trog
Uskayaw
Vehumet
Wu Jian
Xom
Yredelemnul
Zin
The Shining One
Lugonu

Annotations:
D:7 3 runed translucent doors, hwolsky's ghost, novice DsFE


Innate Abilities, Weirdness & Mutations

You cannot wear most types of armour.
You are amphibious.
You can wear up to eight rings at the same time.
Your skin changes colour to match your surroundings (Stealth+).
Your rubbery body absorbs attacks. (AC +1, EV +1)
((You are camouflaged when in or above water. (Stealth+)))
You have tentacles for arms and can constrict up to eight enemies at once.


Message History

You constrict the orc warrior. The orc warrior barely misses you.
You hit the orc warrior.
You kill the orc warrior!
Cheibriados appreciates the change of pace.
Your life force feels restored.
Your Evocations skill increases to level 3!
You barely miss the orc priest. You grab the orc priest.
You constrict the orc priest.
The orc priest hits you with a +0 hand axe.
You barely miss the orc priest.
The orc priest is lightly wounded.
You constrict the orc priest. The orc priest closely misses you.
You thump the orc priest!
The orc priest is severely wounded.
You constrict the orc priest.
You kill the orc priest!
Cheibriados appreciates the change of pace.
The warg misses you.
You hit the warg but do no damage. You squeeze the warg!
The warg is moderately wounded.
The warg bites you but does no damage.
The orc priest casts a cantrip, but nothing happens.
The warg barely misses you.
You closely miss the warg.
The warg is moderately wounded.
The warg misses you.
You hit the warg.
The warg is moderately wounded.
The warg completely misses you. The warg bites you.
You closely miss the warg. Your squeeze misses the warg.
The warg is moderately wounded.
The warg bites you!
* * * LOW HITPOINT WARNING * * *
You thump the warg!
The warg is heavily wounded.
The warg barely misses you. The warg bites you!
* * * LOW HITPOINT WARNING * * *
The orc priest invokes the aid of Beogh against you.
Beogh smites you!
You die...

*,,,,,,,,,,* *,* *,,,,,>,,,,,
*,,,,,,,,,,*###,****,,,,,,,,,,,
****,,,,,,,,..#,*,,,,,,,,,,,,,,
******#.,...,+,,,,,,,,,,,,,,
#.*#.#**,,,,,,,,,,,,,, #.*#.#
*,,,,.,,,,,,,,, ####.##.#
*,,...,,,,,,,,*
#.......###.....,,,,,**,*
#.......@ho.....,,,,,,,,*
#......####?...!,,,,,****
#......+,,,,,...,,,,,*
#......#**,**,*#****** #######
#......# *,**,,,*** ......#
####.#.# *,****,,,*
......######.#.###,# ***,*
.................#.# *,******
......######....<..#*****,,,,,,**


You could see a warg and an orc priest.

Vanquished Creatures
  A hornet (D:8)
  3 yaks
  A steam dragon (D:8)
  Edmund (D:5)
  An orc warrior (D:9)
  2 ice beasts
  An ogre (D:5)
  A sky beast (D:8)
  2 centaurs (D:8)
  2 phantoms
  3 bullfrogs
  2 scorpions
  5 wights
  3 hounds
  A bullfrog zombie (D:7)
  3 orc priests
  A sleepcap (D:6)
  3 iguanas
  6 orc wizards
  A howler monkey zombie (D:7)
  7 gnolls
  5 adders
  A white imp (D:7)
  An ufetubus (D:4)
  2 worms
  2 dart slugs
  10 orcs
  5 endoplasms
  3 giant cockroaches
  8 goblins
  5 hobgoblins
  9 jackals
  A quokka (D:2)
  7 ball pythons
  3 bats
  4 frilled lizards
  10 kobolds
  6 rats
132 creatures vanquished.

Vanquished Creatures (others)
  A centaur (D:7)
1 creature vanquished.

Grand Total: 133 creatures vanquished

Notes
Turn   | Place    | Note
-------+----------+-------------------------------------------
     0 | D:1      | BlueFish the Octopode Warper began the quest for the Orb.
     0 | D:1      | Reached XP level 1. HP: 14/14 MP: 3/3
    58 | D:1      | Reached skill level 1 in Stealth
    58 | D:1      | Reached XP level 2. HP: 8/19 MP: 5/5
    64 | D:1      | Learned a level 2 spell: Blink
    67 | D:1      | Learned a level 2 spell: Lesser Beckoning
   932 | D:2      | Reached XP level 3. HP: 21/24 MP: 6/6
   953 | D:2      | Reached skill level 2 in Stealth
  1617 | D:2      | Reached XP level 4. HP: 30/30 MP: 7/7
  1622 | D:2      | HP: 1/30 [gnoll/+0 whip (3)]
  1625 | D:2      | Reached skill level 3 in Stealth
  1978 | D:2      | Learned a level 3 spell: Teleport Other
  2032 | D:3      | Identified the +9 scale mail of the Robin {rElec}
  2317 | D:3      | Reached XP level 5. HP: 35/35 MP: 5/8
  2581 | D:4      | Noticed a phantom
  2949 | D:4      | Reached skill level 4 in Stealth
  2949 | D:4      | Reached XP level 6. HP: 10/41 MP: 9/9
  3100 | D:4      | Reached skill level 1 in Maces & Flails
  3255 | D:4      | Found a bloodstained altar of Trog.
  3526 | D:5      | Entered Level 5 of the Dungeon
  3663 | D:5      | Noticed Edmund
  3862 | D:5      | Reached skill level 5 in Stealth
  3862 | D:5      | Reached XP level 7. HP: 46/46 MP: 11/11
  4668 | D:6      | Found a staircase to the Ecumenical Temple.
  4678 | Temple   | Entered the Ecumenical Temple
  4695 | Temple   | Became a worshipper of Cheibriados the Contemplative
  4951 | D:6      | Reached XP level 8. HP: 52/52 MP: 12/12
  5417 | D:5      | Killed Edmund
  5418 | D:5      | Reached skill level 6 in Stealth
  5679 | D:7      | Reached skill level 1 in Invocations
  5679 | D:7      | Reached skill level 1 in Evocations
  6018 | D:7      | Found a runed translucent gate.
  6018 | D:7      | Found a runed translucent gate.
  6018 | D:7      | Found a runed translucent gate.
  6018 | D:7      | Noticed hwolsky's ghost (novice DsFE)
  6066 | D:7      | Found a basalt altar of Yredelemnul.
  6140 | D:7      | Found a white marble altar of Elyvilon.
  6140 | D:7      | Found a shadowy altar of Dithmenos.
  6145 | D:7      | Found a hide-covered altar of Uskayaw.
  6154 | D:7      | Found a broken altar of Ashenzari.
  6155 | D:7      | Found a stormy altar of Qazlal.
  6157 | D:7      | Found a sparkling altar of Nemelex Xobeh.
  6158 | D:7      | Found a shimmering blue altar of Sif Muna.
  6160 | D:7      | Found a blossoming altar of Fedhas.
  6164 | D:7      | Found a glowing silver altar of Zin.
  6165 | D:7      | Found a glowing golden altar of the Shining One.
  6514 | D:8      | Noticed a yak
  6514 | D:8      | Noticed a yak
  6514 | D:8      | Noticed a yak
  6515 | D:8      | Noticed a hornet
  6545 | D:8      | Found a shimmering altar of Xom.
  6545 | D:8      | Found a shimmering altar of Xom.
  6561 | D:8      | Reached skill level 7 in Stealth
  6576 | D:8      | Found a shimmering altar of Xom.
  6578 | D:8      | Found a shimmering altar of Xom.
  6580 | D:8      | Found a shimmering altar of Xom.
  6582 | D:8      | Found a shimmering altar of Xom.
  6592 | D:8      | Found a shimmering altar of Xom.
  6688 | D:8      | Killed a hornet
  6689 | D:8      | Reached XP level 9. HP: 42/58 MP: 14/14
  6871 | D:8      | Reached * piety under Cheibriados
  7286 | D:8      | Reached skill level 8 in Stealth
  7520 | D:8      | HP: 2/59 [yak (5)]
  7737 | D:8      | Learned a level 4 spell: Manifold Assault
  7740 | D:8      | Learned a level 2 spell: Passwall
  7742 | D:8      | Learned a level 1 spell: Sandblast
  7893 | D:9      | Reached skill level 5 in Translocations
  7966 | D:9      | Killed from afar by an orc priest

Illustrated notes

Levels and vault maps discovered:
D:1:      amcnicky_arrival_feature_with_door, layout_basic, serial_aquarium,
          aquarium_bridge_square [aquarium_subvault_window,
          aquarium_subvault_bridge, aquarium_subvault_bridge,
          aquarium_subvault_wall], aquarium_bridge_square
          [aquarium_subvault_window, aquarium_subvault_balcony,
          aquarium_subvault_window, aquarium_subvault_bridge],
          aquarium_window_corridor_3, aquarium_window_2, aquarium_window_fake,
          aquarium_view_2b, aquarium_view_2b, minmay_pentomino_v4
D:2:      layout_loops_corners
D:3:      layout_rooms
D:4:      layout_basic, trog_hazing_becter
D:5:      layout_cave_pools, kennysheep_doodads, uniq_edmund
D:6:      layout_loops_corners, minmay_temple_entry_poolview
D:7:      layout_cave_pools, nicolae_yredelemnul_ghost_church,
          nicolae_overflow_hallway_of_the_gods
D:8:      layout_cave_pools, nicolae_xom_altar_mimics, reono_crystal_passage
D:9:      layout_basic, kennysheep_mini_moat, david_orc_3, enter_bailey_3
Temple:   corrupted_temple

Skill      XL: |  1  2  3  4  5  6  7  8  9 |
---------------+----------------------------+-----
Stealth        | 1 2 3 4 5 7 8 |  8.6
Throwing       | 2 3 4 |  4.4
Dodging        | 3 4 |  4.8
Maces & Flails | 1 2 3 |  3.5
Fighting       | 3 4 |  4.5
Unarmed Combat | 3 4 |  4.4
Spellcasting   | 3 4 |  4.1
Translocations | 4 5 |  5.0
Invocations    | 2 |  2.9
Evocations     | 2 3 |  3.0

Action                     |  1- 3 |  4- 6 |  7- 9 || total
---------------------------+-------+-------+-------++-------
  Melee: Unarmed           |    60 |       |       ||    60
         Constrict         |    21 |    25 |    27 ||    73
         Tentacles         |    13 |    26 |    48 ||    87
         Punch             |     2 |     1 |    10 ||    13
         Mace              |     8 |   118 |   178 ||   304
  Throw: Stone             |       |     5 |    16 ||    21
         Boomerang         |       |       |     2 ||     2
   Cast: Lesser Beckoning  |       |     9 |    13 ||    22
         Teleport Other    |       |     1 |     1 ||     2
         Blink             |       |       |     4 ||     4
  Evoke: Wand              |       |       |     5 ||     5
    Use: Scroll            |       |       |    12 ||    12
         Potion            |       |       |     1 ||     1
   Stab: Sleeping          |     4 |     6 |     8 ||    18
 Armour: Skin              |     6 |    37 |    46 ||    89
  Dodge: Dodged            |    27 |    85 |   156 ||   268

Table legend: (Time is in decaauts)
 A = Elapsed time spent in this place.
 B = Non-inter-level travel time spent in this place.
 C = Inter-level travel time spent in this place.
 D = Time resting spent in this place.
 E = Time spent auto-exploring this place.
 F = Levels seen in this place.
 G = Mean time per level.
                   A        B        C        D        E       F      G
               +--------+--------+--------+--------+--------+-----+--------+
         Total |   8620 |   7873 |    747 |    188 |   6094 |  10 |  862.0 |
       Dungeon |   8563 |   7831 |    732 |    188 |   6068 |   9 |  951.4 |
        Temple |     56 |     41 |     15 |      0 |     26 |   1 |   56.0 |
               +--------+--------+--------+--------+--------+-----+--------+

Top non-repeatable levels by time:
     D:8: 1354 daAuts
     D:7: 1239 daAuts
     D:5: 1185 daAuts
     D:6: 1059 daAuts
     D:2: 1026 daAuts
     D:4: 986 daAuts
     D:1: 975 daAuts
     D:3: 569 daAuts
     D:9: 166 daAuts
  Temple: 56 daAuts
